 Dungeon Crawl Stone Soup version 0.32-a0-468-g38b2580584 (webtiles) character file.

Game seed: 10226526099438827382

2436 ezpacito the Trooper (level 9, -3/69 HPs)
             Began as a Demonspawn Chaos Knight on Feb 25, 2024.
             Was a Plaything of Xom.
             Slain by a rust devil (9 damage)
             ... summoned by Xom
             ... on level 6 of the Dungeon.
             The game lasted 00:08:56 (7034 turns).

ezpacito the Trooper (Demonspawn Chaos Knight)      Turns: 7034, Time: 00:08:57

Health: -3/69      AC:  5    Str: 16    XL:     9   Next: 25%
Magic:  16/16      EV:  9    Int: 19    God:    Xom [......]
Gold:   192        SH:  0    Dex: 13    Spells: 12/18 levels left

rFire   . . .        a - +0 hand axe (chaos)
rCold   x . .        (no shield)
rNeg    + . .        n - +0 chain mail
rPois   .            u - +1 helmet {SInv}
rElec   .            y - +0 cloak
rCorr   .            (no gloves)
SInv    +            h - +0 pair of boots
Will    .....        (no amulet) Stlth
                     i - ring of positive energy
HPRegen 0.31/turn    o - +6 ring of intelligence
MPRegen 0.15/turn

%: no passive effects
@: about to teleport, corroded
A: claws 1, icy blue scales 2, foul stench 1, powered by death 1, talons 1, wild
magic 1, cold vulnerability 1, noise suppression
a: Renounce Religion


You were on level 6 of the Dungeon.
You worshipped Xom.
You were a very special plaything of Xom.
You visited 2 branches of the dungeon, and saw 7 of its levels.

You collected 365 gold pieces.
You spent 173 gold pieces at shops.

Inventory:

Hand Weapons
 a - a +0 hand axe of chaos (weapon)
Missiles
 d - 12 poisoned darts (quivered)
 x - a boomerang
 z - 6 javelins
Armour
 h - a +0 pair of boots (worn)
 n - a +0 chain mail (worn)
 s - a +0 plate armour
 u - a +1 helmet of see invisible (worn)
 y - a +0 cloak (worn)
Magical Staves
 I - a staff of air
Jewellery
 i - a ring of positive energy (left claw)
 l - a ring of magical power
 o - a +6 ring of intelligence (right claw)
Talismans
 e - a beast talisman
Wands
 p - a wand of polymorph (7)
 v - a wand of flame (21)
Scrolls
 b - a scroll of enchant armour
 c - a scroll of amnesia
 j - 2 scrolls of teleportation
 m - 2 scrolls of noise
 q - a scroll of revelation
 t - 3 scrolls of immolation
 w - a scroll of enchant weapon
 C - a scroll of blinking {unknown}
 F - a scroll of vulnerability {unknown}
 H - a scroll of fear {unknown}
Potions
 f - a potion of brilliance
 g - a potion of attraction
 k - a potion of lignification
 r - 2 potions of curing
 B - a potion of mutation
 D - a potion of magic
 E - a potion of might


   Skills:
 * Level 6.2 Fighting
 * Level 5.7(6.1) Axes
 + Level 3.3(5.0) Polearms
 * Level 5.3 Armour
 * Level 5.0 Dodging
 + Level 3.3 Stealth
 * Level 4.7 Unarmed Combat
 * Level 5.0 Spellcasting
 * Level 5.0 Necromancy
 + Level 2.7 Evocations


You had 12 spell levels left.
You knew the following spells:

 Your Spells              Type           Power      Damage    Failure   Level
a - Fugue of the Fallen   Necr           30%        N/A       54%         3
b - Ozocubu's Armour      Ice            6%         N/A       99%         3

Your spell library contained the following spells:

 Spells                   Type           Power      Damage    Failure   Level
 Manifold Assault         Tloc           6%         N/A       100%        4


Dungeon Overview and Level Annotations

Branches:
Dungeon (6/15)             Temple (1/1) D:5

Altars:
Ashenzari
Cheibriados
Dithmenos
Fedhas
Gozag
Hepliaklqana
Kikubaaqudgha
Makhleb
Nemelex Xobeh
Okawaru
Qazlal
Ru
Sif Muna
Trog
Uskayaw
Vehumet
Wu Jian
Xom
Yredelemnul

Shops:
D:1 *   D:2 *


Innate Abilities, Weirdness & Mutations

You have sharp fingernails.
You are mostly covered in icy blue scales. (AC +3)
You may rarely emit foul miasma when damaged in melee.
You regenerate a little health from kills.
You have sharp toenails.
Your spells are a little harder to cast, but a little more powerful.
You are vulnerable to cold. (rC-)
You passively dampen the noise of your surroundings.


Message History

The iguana completely misses you.
You hit the iguana. You burn the iguana.
You kill the iguana!
No target in view!
No target in view!
No target in view!
No target in view!
No target in view!
No target in view!
You see here an iguana corpse.
Things that are here:
a +0 hand axe; an orc corpse "Time to have some fun!"
There are monsters nearby!
You barely miss the sixfirhy. You hit the ynoxinul but do no damage.
You closely miss the rust devil. You completely miss the sixfirhy.
The sixfirhy hits you. The sixfirhy shocks you!
The sixfirhy hits you but does no damage.
You hit the rust devil but do no damage.
The rust devil seems to speed up.
You hit the sixfirhy. You freeze the sixfirhy. The sixfirhy hits you.
The sixfirhy shocks you!
The sixfirhy hits you but does no damage.
The sixfirhy hits you. The sixfirhy shocks you!
The ynoxinul gestures.
The sixfirhy closely misses you. The rust devil hits you.
The rust devil corrodes you!
As you read the scroll of teleportation, it crumbles to dust.
You feel strangely unstable. The sixfirhy barely misses you.
The sixfirhy hits you!
* * * LOW HITPOINT WARNING * * *
The sixfirhy shocks you!
* * * LOW HITPOINT WARNING * * *
The ynoxinul gestures.
The rust devil hits you. The rust devil corrodes you!
This is a scroll of acquirement!
You see here a manual of Axes.
Something appears at your feet! The rust devil hits you.
* * * LOW HITPOINT WARNING * * *
The rust devil corrodes you! The rust devil hits you!
You die...

#.>#.#.#...............
#..#.#.#...............
#..#.#.##..............
#†.#.#.................
#..#.#5##..............
#..#.#55...............
#..#.#3####.##.........
#..#.#4####.##.#.######
#..#.#@#..#.##.#.#
#..#.#3#..#.##.#.#
#..#.#5#..#.##.#.#
#.)#.#.#..#.##.#.#
#..#.#.#..#.##.#.#
#†.#.#.##.#.##.#.# #
#..#.#....#,,..#.# ##
#..#.####.######.# #_
#..#.............# ##


You could see a rust devil (summoned, fast), a sixfirhy (summoned), a ynoxinul
(summoned), an iron imp (summoned) and 3 ufetubi.

Vanquished Creatures
  A steam dragon (D:6)
  An ice beast (D:6)
  5 black bears
  2 ogres (D:5)
  A phantom (D:5)
  2 scorpions
  A wight (D:6)
  3 howler monkeys
  An orc priest (D:6)
  2 bombardier beetles
  A jelly (D:5)
  A hound (D:4)
  5 iguanas
  A sleepcap (D:5)
  An orc wizard (D:5)
  3 gnolls
  8 adders
  A shadow imp (D:4)
  A white imp (D:6)
  An ufetubus (D:6)
  4 dart slugs
  A ribbon worm (D:2)
  13 orcs
  An orc (shapeshifter) (D:5)
  6 bats
  7 endoplasms
  6 giant cockroaches
  6 hobgoblins
  4 jackals
  4 kobolds
  5 quokkas
  6 ball pythons
  2 frilled lizards
  8 goblins
  6 rats
121 creatures vanquished.

Vanquished Creatures (collateral kills)
  A scorpion (D:5)
  An orc priest (D:3)
  A gnoll (D:2)
  An orc (D:3)
  A giant cockroach (D:2)
  A kobold (D:2)
6 creatures vanquished.

Grand Total: 127 creatures vanquished

Notes
Turn   | Place    | Note
-------+----------+-------------------------------------------
     0 | D:1      | ezpacito the Demonspawn Chaos Knight began the quest for
                  | the Orb.
     0 | D:1      | Reached XP level 1. HP: 18/18 MP: 1/1
    39 | D:1      | Reached skill level 1 in Dodging
    63 | D:1      | XOM: silly message
   135 | D:1      | XOM: silly message
   152 | D:1      | Gained mutation: You are partially covered in icy blue
                  | scales. (AC +2) [demonic ancestry]
   152 | D:1      | Reached XP level 2. HP: 24/24 MP: 2/2
   195 | D:1      | Found Kiycugh's Assorted Antiques.
   571 | D:1      | Found a faded altar of an unknown god.
   582 | D:1      | Gained mutation: You are mostly covered in icy blue scales.
                  | (AC +3) [demonic ancestry]
   582 | D:1      | Reached XP level 3. HP: 18/29 MP: 4/4
   731 | D:1      | XOM: god gift: pearl ring {god gift}
   752 | D:1      | XOM: cloud trail
  1050 | D:1      | Bought a glowing golden potion for 19 gold pieces
  1063 | D:1      | XOM: give mutations
  1063 | D:1      | Gained mutation: Your spells are a little harder to cast,
                  | but a little more powerful. [Xom's grace]
  1063 | D:1      | Gained mutation: Your mind is acute. (Int +4, Str/Dex -1)
                  | [Xom's grace]
  1070 | D:2      | Found Olaahula's Assorted Antiques.
  1228 | D:2      | Reached skill level 1 in Spellcasting
  1233 | D:2      | Reached skill level 1 in Unarmed Combat
  1233 | D:2      | Reached XP level 4. HP: 19/35 MP: 5/5
  1368 | D:2      | XOM: 1-stop teleportation journey
  2232 | D:2      | Bought a scroll labelled EXUIKHEFAIN for 18 gold pieces
  2232 | D:2      | Bought a scroll labelled ZUMOMP AQAODD for 18 gold pieces
  2232 | D:2      | Bought a pink potion for 16 gold pieces
  2380 | D:3      | Reached XP level 5. HP: 41/41 MP: 7/7
  2382 | D:3      | Noticed a black bear
  2382 | D:3      | XOM: fog
  2393 | D:3      | Killed a black bear
  2394 | D:3      | Reached skill level 1 in Polearms
  2394 | D:3      | Reached skill level 1 in Stealth
  2486 | D:3      | You fall into a shaft and drop 3 floors!
  2534 | D:6      | Found a burning altar of Makhleb.
  2616 | D:6      | XOM: 1-stop teleportation journey
  2629 | D:5      | Entered Level 5 of the Dungeon
  2644 | D:5      | XOM: smoke on damage
  2646 | D:5      | Gained mutation: You may rarely emit foul miasma when
                  | damaged in melee. [demonic ancestry]
  2646 | D:5      | Reached XP level 6. HP: 19/47 MP: 8/8
  2773 | D:5      | XOM: noise
  2815 | D:5      | XOM: divination: detect items
  2817 | D:5      | XOM: 1-stop teleportation journey
  3279 | D:3      | XOM: noise
  3537 | D:3      | XOM: blink monster(s)
  3538 | D:3      | XOM: cast spell 'Summon Ice Beast'
  3766 | D:3      | XOM: noise
  4090 | D:1      | Bought a scroll labelled BOXOOKK OWARA for 22 gold pieces
  4090 | D:1      | Bought 2 dark potions for 39 gold pieces
  4090 | D:1      | Bought a white potion for 19 gold pieces
  4090 | D:1      | Bought a scroll labelled WASEMM AGRITYV for 22 gold pieces
  4095 | D:1      | XOM: torment (28/48 hp)
  4444 | D:4      | Learned a level 3 spell: Fugue of the Fallen
  4448 | D:4      | Learned a level 3 spell: Ozocubu's Armour
  4499 | D:4      | XOM: scenery: 1 doors open
  4552 | D:4      | XOM: draining
  4666 | D:4      | Reached skill level 4 in Fighting
  4666 | D:4      | Reached XP level 7. HP: 47/53 MP: 10/10
  4945 | D:5      | XOM: enchant monster (bad)
  4947 | D:5      | XOM: confusion
  4951 | D:5      | Reached skill level 5 in Fighting
  4951 | D:5      | Reached skill level 5 in Axes
  4951 | D:5      | Reached skill level 5 in Armour
  4951 | D:5      | Gained mutation: You regenerate a little health from kills.
                  | [demonic ancestry]
  4951 | D:5      | Reached XP level 8. HP: 64/64 MP: 10/15
  4951 | D:5      | XOM: scenery: create altars
  5138 | D:5      | XOM: summons 4 hostile shadow creatures
  5171 | D:5      | Found a staircase to the Ecumenical Temple.
  5180 | Temple   | Entered the Ecumenical Temple
  5388 | D:5      | XOM: cast spell 'Summon Horrible Things'
  5438 | D:5      | XOM: give mutations
  5438 | D:5      | Gained mutation: You are vulnerable to cold. (rC-) [Xom's
                  | mischief]
  5438 | D:5      | Gained mutation: You have sharp toenails. [Xom's mischief]
  5438 | D:5      | Lost mutation: Your mind is acute. (Int +4, Str/Dex -1)
                  | [Xom's mischief]
  5438 | D:5      | Gained mutation: Your flesh is heat resistant. (rF+) [Xom's
                  | mischief]
  5734 | D:5      | Reached skill level 6 in Fighting
  5745 | D:5      | XOM: stat loss: -1 Int (18/19)
  5754 | D:5      | a bombardier beetle changed into a shapeshifter
  5754 | D:5      | Noticed a shapeshifter (shapeshifter)
  5754 | D:5      | XOM: polymorph bombardier beetle -> shapeshifter
  5754 | D:5      | a shapeshifter changed into a dart slug
  6296 | D:6      | Reached skill level 5 in Dodging
  6296 | D:6      | Gained mutation: You have sharp fingernails. [demonic
                  | ancestry]
  6296 | D:6      | Reached XP level 9. HP: 69/69 MP: 16/16
  6350 | D:6      | XOM: polymorph orc priest -> jackal
  6440 | D:6      | XOM: swap monsters
  6444 | D:6      | XOM: enchant monster (good)
  6533 | D:6      | Reached skill level 5 in Necromancy
  6636 | D:6      | XOM: give mutations
  6636 | D:6      | Lost mutation: Your flesh is heat resistant. (rF+) [Xom's
                  | mischief]
  6636 | D:6      | Gained mutation: You are weak. (Str -2) [Xom's mischief]
  6636 | D:6      | Gained mutation: You passively dampen the noise of your
                  | surroundings. [Xom's mischief]
  6636 | D:6      | Lost mutation: You are weak. (Str -2) [Xom's mischief]
  6711 | D:6      | XOM: noise
  6768 | D:6      | Reached skill level 5 in Spellcasting
  7029 | D:6      | XOM: summons 4 hostile demons
  7030 | D:6      | Noticed a sixfirhy
  7030 | D:6      | Noticed a rust devil
  7034 | D:6      | Identified a scroll of acquirement
  7034 | D:6      | Acquired a manual of Axes
  7034 | D:6      | Slain by a rust devil

Illustrated notes

Levels and vault maps discovered:
D:1:      dpeg_arrival_tiny_i, layout_basic, basic_ecumenical_altar,
          serial_shops, shop
D:2:      layout_basic, serial_shops,
          nicolae_shop_temple_entry_statues_fountains, minmay_misc_feat_square,
          st_stairs_11
D:3:      layout_loops_ring, patterned_corridor
D:4:      black_bear_nest_2, layout_gridville
D:5:      layout_layer_cave, minmay_temple_entry_ruins, minmay_joined_circles
D:6:      minmay_chambers_of_fours, layout_basic,
          amethyst_overflow_temple_binary
Temple:   mainiacjoe_temple_big_plus

Skill      XL: |  1  2  3  4  5  6  7  8  9 |
---------------+----------------------------+-----
Dodging        | 1 2 4 5 |  5.0
Armour         | 2 3 5 |  5.3
Spellcasting   | 1 2 4 5 |  5.0
Axes           | 3 5 |  5.7
Unarmed Combat | 1 2 4 |  4.7
Polearms       | 1 3 |  3.3
Stealth        | 1 3 |  3.3
Fighting       | 4 5 6 |  6.2
Necromancy     | 4 5 |  5.0
Evocations     | 2 |  2.7

Action                     |  1- 3 |  4- 6 |  7- 9 || total
---------------------------+-------+-------+-------++-------
  Melee: Hand axe          |    78 |   206 |   251 ||   535
  Evoke: Wand              |       |     1 |     1 ||     2
    Use: Potion            |     3 |       |     5 ||     8
         Scroll            |       |     8 |     8 ||    16
   Stab: Petrified         |     1 |     1 |     4 ||     6
         Petrifying        |     1 |       |       ||     1
         Confused          |     1 |     1 |     9 ||    11
         Sleeping          |       |     2 |       ||     2
         Paralysed         |       |     1 |     1 ||     2
 Armour: Leather armour    |    44 |    61 |       ||   105
         Chain mail        |       |   133 |   174 ||   307
         Skin              |       |       |    64 ||    64
  Dodge: Dodged            |    50 |   121 |   102 ||   273

Table legend: (Time is in decaauts)
 A = Elapsed time spent in this place.
 B = Non-inter-level travel time spent in this place.
 C = Inter-level travel time spent in this place.
 D = Time resting spent in this place.
 E = Time spent auto-exploring this place.
 F = Levels seen in this place.
 G = Mean time per level.
                   A        B        C        D        E       F      G
               +--------+--------+--------+--------+--------+-----+--------+
         Total |   7074 |   6472 |    602 |    419 |   4818 |   7 | 1010.6 |
       Dungeon |   7073 |   6472 |    601 |    419 |   4818 |   6 | 1178.8 |
        Temple |      1 |      1 |      0 |      0 |      0 |   1 |    1.0 |
               +--------+--------+--------+--------+--------+-----+--------+

Top non-repeatable levels by time:
     D:5: 1642 daAuts
     D:2: 1236 daAuts
     D:6: 1117 daAuts
     D:1: 1116 daAuts
     D:3: 1089 daAuts
     D:4: 870 daAuts
  Temple: 1 daAuts
